Map: Rhoskallian LE

Players

Massa - Winner!

  • Race: Terran Terran
  • League: Gold
  • Spawn Location: 6:00

qqq - Winner!

  • Race: Zerg Zerg
  • League: Platinum
  • Spawn Location: 5:00

ksisovec

  • Race: Zerg Zerg
  • League: Diamond
  • Spawn Location: 11:00

DeadDenne

  • Race: Zerg Zerg
  • League: Platinum
  • Spawn Location: 12:00

VOD

Have the link to the VOD?

Description

Time

  • Played on: July 25, 2020, 8:09 a.m.
  • Length: 17:03
Show
View Real Time Build Order
Export as new Build Order

Massa Terran - Winner!

Build Orders:  

Get SALT Encoding   

  12  0:02  SCV  
  13  0:14  SCV  
  14  0:20  Supply Depot  
  14  0:26  SCV  
  15  0:32  Refinery  
  15  0:41  SCV  
  16  0:53  SCV  
  17  0:57  Barracks  
  17  1:05  SCV  
  18  1:18  SCV  
  19  1:30  SCV  
  20  1:35  Supply Depot  
  20  1:46  Supply Depot  
  19  1:52  SCV  
  20  1:54  Reaper  
  21  2:05  SCV  
  21  2:07  Command Center  
  22  2:25  Bunker  
  22  2:26  Reaper  
  23  3:08  Orbital Command  
  23  3:10  Marine  
  23  3:17  Factory  
  23  3:42  Supply Depot x2  
  23  3:43  Supply Depot  
  23  3:45  Supply Depot  
  23  4:00  Marine  
  23  4:09  SCV x2  
  24  4:12  Factory Tech Lab  
  24  4:17  Marine  
  24  4:19  Barracks  
  24  4:21  SCV x2  
  27  4:35  Marine, Supply Depot  
  28  4:39  Siege Tank  
  31  4:54  Barracks  
  31  5:01  SCV  
  31  5:02  SCV  
  31  5:05  Command Center  
  33  5:13  SCV  
  33  5:14  SCV  
  35  5:15  Barracks  
  35  5:25  SCV  
  35  5:26  SCV  
  37  5:31  Barracks Tech Lab  
  37  5:32  Marine  
  41  5:35  Siege Tank  
  41  5:37  SCV  
  41  5:38  SCV  
  41  5:42  Engineering Bay  
  43  5:43  Refinery  
  43  5:46  Starport  
  43  5:49  SCV  
  44  5:50  Marine  
  44  5:51  Orbital Command  
  44  5:53  Barracks Reactor  
  44  5:55  Marine, Stimpack  
  46  6:02  SCV  
  47  6:08  Widow Mine, Marine  
  50  6:13  Marine  
  50  6:14  SCV  
  50  6:15  Refinery  
  52  6:23  Missile Turret  
  52  6:26  SCV, Marine  
  52  6:28  SCV  
  52  6:29  Widow Mine  
  52  6:31  Marine  
  58  6:36  Refinery  
  58  6:38  SCV  
  59  6:40  SCV  
  60  6:49  Marauder  
  60  6:50  SCV  
  60  6:52  Barracks Reactor, SCV  
  64  6:55  Barracks Tech Lab  
  64  7:02  SCV  
  64  7:04  SCV  
  66  7:10  Marauder  
  66  7:14  SCV  
  69  7:16  SCV, Marauder  
  69  7:17  Marine x2  
  69  7:22  Siege Tank  
  77  7:29  Combat Shield  
  77  7:32  Marauder  
  77  7:34  Concussive Shells  
  77  7:35  Marine x2  
  81  7:38  Marauder  
  83  7:53  Marauder, Marine x2  
  83  7:55  Widow Mine  
  89  7:59  Marauder  
  89  8:00  Missile Turret  
  89  8:02  Missile Turret  
  89  8:05  Missile Turret  
  91  8:11  Marine x2  
  91  8:15  Marauder  
  91  8:16  Widow Mine  
  90  8:21  Marauder  
  90  8:33  Missile Turret  
  82  8:36  Marauder  
  82  8:37  Widow Mine  
  84  8:42  Marauder  
  84  8:48  SCV  
  84  8:50  SCV  
  85  8:56  Missile Turret  
  85  8:59  Widow Mine  
  85  9:00  SCV  
  85  9:01  Missile Turret  
  85  9:02  SCV  
  84  9:12  SCV  
  84  9:14  SCV  
  84  9:17  Missile Turret  
  84  9:18  Missile Turret  
  83  9:24  SCV  
  83  9:26  SCV  
  81  9:36  Marauder x2, Marine x2  
  81  9:37  SCV  
  82  9:38  SCV  
  83  9:47  Engineering Bay  
  83  9:49  SCV  
  84  9:54  Marine x2  
  84  9:57  Marauder x2  
  90  10:01  SCV  
  89  10:12  Marine  
  85  10:19  Marauder x2  
  85  10:25  Medivac  
  85  10:27  Siege Tank  
  90  10:30  SCV x2  
  90  10:32  SCV  
  93  10:45  Missile Turret  
  93  10:46  Missile Turret  
  93  10:49  Missile Turret  
  93  11:07  Medivac  
  93  11:20  Supply Depot  
  93  11:23  Supply Depot  
  93  11:34  Missile Turret  
  93  11:41  SCV x2  
  93  11:42  Widow Mine, Marauder x2  
  93  11:44  Supply Depot  
  93  11:45  SCV  
  102  11:47  Marine, Supply Depot  
  102  11:48  Marine  
  102  11:53  SCV x2  
  106  11:57  SCV  
  106  12:03  Marauder  
  106  12:05  Marine  
  106  12:06  Widow Mine, SCV x2, Marauder, Marine  
  106  12:07  Supply Depot  
  116  12:09  SCV  
  116  12:10  Supply Depot  
  116  12:12  Supply Depot x2  
  117  12:18  SCV  
  117  12:21  SCV  
  119  12:23  Marine x2  
  119  12:24  Marauder  
  119  12:27  Widow Mine, Marauder  
  123  12:41  Marine x2  
  122  12:46  Marauder  
  122  12:49  Marauder  
  121  13:07  Marine  
  121  13:10  Marauder  
  58  13:24  Marine  
  58  13:25  Marauder, Marine  
  58  13:26  Siege Tank  
  60  13:31  Marauder  
  62  13:36  Barracks  
  62  13:41  Barracks  
  62  13:42  Marine x2  
  62  13:46  Marauder  
  66  13:53  Marauder  
  68  13:58  Siege Tank  
  68  13:59  Medivac  
  68  14:00  Marine x2  
  68  14:02  Terran Infantry Weapons Level 1  
  75  14:04  SCV  
  75  14:05  SCV x2  
  75  14:08  Marauder  
  80  14:14  Marauder  
  80  14:17  SCV x2  
  83  14:18  Marine x2  
  83  14:21  Refinery, Orbital Command  
  86  14:29  SCV x2, Marauder, Medivac  
  92  14:32  Command Center  
  92  14:36  Marauder  
  92  14:41  SCV x2  
  92  14:45  Marine  
  95  14:50  Marine  
  96  14:53  SCV x2  
  96  14:54  Refinery  
  96  14:57  Marauder  
  100  15:04  SCV  
  100  15:05  SCV x2  
  103  15:08  Marauder  
  105  15:16  SCV  
  105  15:17  SCV x2  
  105  15:18  Marauder  
  110  15:22  Armory  
  110  15:28  SCV  
  110  15:30  Marauder, Siege Tank  
  110  15:32  Marine x2  
  118  15:37  Barracks Reactor, Barracks Tech Lab  
  118  15:40  Marauder  
  118  15:50  Marine x2  
  118  15:51  Marauder  
  122  16:01  Marauder  
  122  16:02  Widow Mine  
  126  16:07  Marine  
  126  16:08  Marine  
  128  16:12  Marauder  
  130  16:23  Marauder  
  130  16:25  Marine x2  
  134  16:33  Marine  
  134  16:43  Marine  
  134  16:44  Marine x4  
Show
View Real Time Build Order
Export as new Build Order

qqq Zerg - Winner!

Build Orders: Hatch First, Lurkers 

Get SALT Encoding   

  12  0:02  Drone  
  13  0:09  Drone  
  14  0:41  Hatchery  
  13  0:45  Drone  
  14  0:55  Spawning Pool  
  13  1:03  Overlord  
  13  1:12  Drone  
  13  1:14  Extractor  
  13  1:15  Drone  
  14  1:23  Drone  
  15  1:27  Drone  
  16  1:40  Drone  
  16  1:44  Queen  
  19  1:47  Drone  
  19  1:53  Drone  
  21  1:58  Drone  
  22  2:04  Drone  
  23  2:11  Queen  
  23  2:13  Zergling x2  
  26  2:19  Zergling x2  
  26  2:20  Zergling x2  
  28  2:26  Overlord  
  28  2:31  Metabolic Boost  
  28  2:38  Overlord  
  28  2:51  Zergling x2  
  29  2:52  Zergling x4  
  31  3:02  Zergling x8  
  31  3:03  Drone  
  35  3:29  Zergling x4  
  37  3:35  Lair  
  37  3:36  Drone  
  37  3:37  Roach Warren  
  37  3:39  Drone x3  
  37  3:59  Zergling x6  
  38  4:16  Drone x3  
  41  4:18  Roach  
  41  4:20  Overlord x2  
  41  4:21  Overlord  
  43  4:27  Drone  
  44  4:38  Drone  
  44  4:40  Drone  
  44  4:41  Drone  
  44  4:44  Hatchery  
  46  4:47  Overlord  
  46  4:49  Roach  
  46  4:51  Roach  
  50  4:59  Drone x2  
  52  5:00  Roach  
  52  5:01  Roach  
  52  5:04  Glial Reconstitution  
  56  5:07  Ravager  
  56  5:10  Roach  
  56  5:11  Drone  
  57  5:41  Drone, Roach x3  
  57  5:42  Drone x2  
  66  5:53  Ravager  
  66  5:55  Zergling x2  
  67  6:02  Roach  
  67  6:03  Zergling x4  
  67  6:04  Overlord x5  
  71  6:10  Drone x2  
  73  6:30  Roach  
  73  6:31  Drone x2, Roach  
  73  6:32  Drone x2  
  82  6:47  Drone x2, Extractor  
  82  6:48  Hatchery  
  82  6:52  Extractor  
  82  6:53  Drone x2  
  82  6:54  Drone x2, Extractor  
  83  7:00  Zergling x2  
  83  7:01  Drone  
  85  7:02  Hatchery  
  84  7:14  Hatchery  
  70  7:28  Roach  
  70  7:29  Roach x4  
  65  7:43  Spore Crawler  
  64  7:50  Drone x3, Hydralisk Den  
  66  7:52  Spore Crawler  
  66  7:53  Spore Crawler  
  66  7:55  Spore Crawler  
  66  7:57  Spore Crawler x2  
  66  7:58  Drone x2  
  63  7:59  Spore Crawler  
  63  8:03  Drone x5  
  63  8:04  Drone x2  
  69  8:19  Spore Crawler  
  68  8:21  Spore Crawler  
  68  8:24  Drone x2  
  68  8:26  Spore Crawler  
  68  8:29  Spore Crawler  
  68  8:31  Hydralisk x3  
  68  8:32  Hydralisk  
  68  8:33  Hydralisk x4  
  83  8:43  Grooved Spines  
  83  9:01  Hydralisk  
  83  9:02  Hydralisk x3  
  87  9:11  Zergling x10  
  87  9:12  Hatchery, Zergling x2  
  87  9:14  Hatchery  
  87  9:15  Zergling x6  
  94  9:37  Lurker Den  
  92  9:38  Zergling x2  
  92  9:39  Zergling x8  
  92  9:40  Drone x2  
  90  9:52  Zergling x4  
  83  9:54  Roach  
  85  10:00  Hydralisk x2  
  85  10:02  Drone  
  90  10:10  Hydralisk  
  90  10:11  Hydralisk  
  90  10:12  Drone  
  95  10:32  Drone  
  95  10:33  Drone x3  
  99  10:42  Roach x5  
  99  10:45  Hatchery  
  98  10:50  Drone x2, Hydralisk  
  98  10:55  Spore Crawler  
  92  11:12  Hatchery  
  92  11:15  Hydralisk  
  92  11:16  Hydralisk x5  
  92  11:18  Drone x4  
  96  11:19  Drone x2  
  100  11:28  Zergling x4  
  77  11:49  Hydralisk x4  
  77  11:52  Drone  
  77  11:53  Drone x4  
  88  11:58  Drone  
  88  12:01  Lurker x7  
  93  12:06  Drone  
  93  12:07  Spore Crawler  
  96  12:08  Spore Crawler  
  96  12:09  Hydralisk x2  
  96  12:10  Drone  
  96  12:11  Drone  
  101  12:17  Evolution Chamber  
  101  12:20  Evolution Chamber  
  101  12:21  Muscular Augments  
  101  12:22  Hydralisk x2  
  102  12:23  Zergling x4, Infestation Pit  
  102  12:24  Drone  
  102  12:25  Drone  
  102  12:26  Drone  
  102  12:27  Drone  
  102  12:29  Drone  
  108  12:30  Drone  
  102  12:58  Hydralisk x3  
  102  12:59  Hydralisk x2  
  100  13:21  Hydralisk x5  
  100  13:23  Drone x6  
  100  13:24  Drone x6  
  122  13:33  Spore Crawler  
  121  13:34  Spore Crawler  
  121  13:36  Spore Crawler  
  121  13:38  Spine Crawler  
  118  13:48  Zergling x8  
  118  13:49  Zergling x10  
  118  13:50  Zergling x4  
  120  14:01  Lurker x3  
  123  14:03  Hydralisk x2  
  123  14:04  Drone  
  123  14:05  Drone x4  
  123  14:32  Hatchery  
  123  14:35  Hydralisk x3  
  123  14:36  Hydralisk  
  123  14:38  Zergling x2  
  131  14:40  Overlord x5  
  131  14:41  Overlord x3  
  131  14:52  Hydralisk x3  
  126  14:54  Drone  
  126  14:55  Overlord  
  130  15:13  Hatchery  
  129  15:36  Hydralisk  
  129  15:37  Hydralisk x3  
  129  15:38  Zergling x4  
  129  15:39  Zergling x10  
  129  15:40  Zergling x4  
  137  15:53  Drone x2  
  137  15:54  Drone  
  136  15:58  Spine Crawler  
  136  15:59  Spine Crawler, Spore Crawler  
  132  16:15  Lurker  
  132  16:16  Lurker x3  
  136  16:45  Zergling x6  
  136  16:46  Drone x6  
  136  16:47  Drone  
  148  16:53  Hatchery  
  144  16:55  Hatchery  
Show
View Real Time Build Order
Export as new Build Order

ksisovec Zerg 

Build Orders: Pool First, Muta Ling Bane 

Get SALT Encoding   

  12  0:12  Drone x2  
  14  0:18  Overlord  
  14  0:27  Extractor  
  14  0:37  Drone  
  15  0:43  Spawning Pool  
  15  0:46  Drone  
  15  0:52  Extractor  
  15  0:57  Drone  
  15  1:07  Drone  
  16  1:30  Zergling x4  
  16  1:31  Queen  
  20  1:40  Zergling x2  
  21  1:56  Hatchery, Zergling x2  
  21  2:01  Metabolic Boost  
  21  2:06  Zergling x2  
  22  2:16  Overlord  
  22  2:30  Baneling Nest  
  22  2:34  Queen  
  21  2:56  Drone x3  
  21  2:57  Drone x2  
  25  3:13  Drone x3  
  27  3:28  Zergling x4  
  27  3:29  Queen  
  31  3:41  Baneling  
  31  3:42  Baneling  
  31  3:47  Drone x4  
  35  3:48  Overlord  
  34  4:08  Baneling  
  34  4:09  Baneling x3  
  35  4:10  Drone x6  
  40  4:19  Drone x2  
  40  4:22  Lair  
  42  4:40  Zergling x2  
  42  4:41  Overlord  
  42  4:42  Overlord  
  43  4:53  Extractor  
  43  4:58  Extractor x2  
  40  5:19  Drone x3  
  40  5:21  Drone x3  
  46  5:22  Drone  
  46  5:23  Drone x2  
  46  5:27  Hatchery, Spire  
  45  5:30  Zergling x4  
  46  5:43  Zergling x10  
  51  5:51  Drone x2  
  51  5:55  Baneling x3  
  51  5:56  Baneling  
  53  6:05  Overlord  
  53  6:08  Drone x2  
  53  6:10  Queen  
  57  6:12  Drone  
  57  6:16  Centrifical Hooks  
  58  6:18  Baneling  
  58  6:19  Baneling x3  
  58  6:36  Drone  
  58  6:37  Drone x2  
  58  6:39  Queen  
  63  6:41  Mutalisk x3  
  69  6:49  Queen  
  71  7:02  Mutalisk  
  71  7:05  Overlord x3  
  73  7:20  Mutalisk x2  
  73  7:21  Mutalisk  
  72  7:35  Mutalisk x2  
  76  7:39  Drone x4  
  76  7:40  Drone x3  
  83  7:45  Extractor  
  83  7:47  Extractor  
  81  7:55  Zergling x4  
  81  7:56  Zergling x8  
  87  8:17  Mutalisk x4  
  87  8:18  Mutalisk  
  97  8:33  Zergling x2  
  98  8:34  Overlord x4  
  98  8:35  Overlord x2  
  98  9:13  Zerg Flyer Weapons Level 1  
  98  9:14  Mutalisk x5  
  98  9:16  Zergling x2  
  111  9:17  Zergling x10  
  111  9:18  Baneling x2  
  110  9:37  Zergling x12  
  116  9:54  Hatchery  
  111  10:01  Zergling x2  
  111  10:02  Zergling x10  
  111  10:03  Baneling x2  
  111  10:04  Baneling x18  
  107  10:17  Evolution Chamber  
  107  10:20  Evolution Chamber  
  101  10:24  Zergling x16  
  101  10:25  Zergling x10  
  110  11:17  Zerg Melee Weapons Level 1, Zerg Ground Armor Level 1  
  110  11:22  Infestation Pit  
  110  11:23  Pneumatized Carapace  
  90  11:49  Zergling x2  
  90  11:50  Zergling x32  
  90  11:51  Zergling x20  
  116  12:00  Drone x2  
  116  12:02  Drone  
  116  12:03  Drone  
  110  12:28  Baneling  
  110  12:29  Baneling x5  
  110  12:30  Baneling x24  
  110  12:31  Hatchery, Baneling x7  
  110  12:32  Baneling x4  
  109  12:43  Zergling x10  
  109  12:44  Zergling x20  
  122  12:54  Zergling x2  
  122  12:55  Zergling x4, Overlord x3  
  122  12:56  Overlord x4  
  83  13:21  Mutalisk  
  83  13:22  Mutalisk x5  
  83  13:26  Overseer  
  80  13:30  Overseer  
  78  13:45  Zergling x2  
  78  13:46  Zergling x22  
  90  13:57  Drone x2  
  90  13:58  Drone x4  
  90  14:02  Zerg Flyer Weapons Level 2  
  96  14:04  Zerg Melee Weapons Level 2  
  96  14:08  Hive  
  96  14:13  Drone x3  
  96  14:14  Drone x2  
  97  14:25  Zerg Ground Armor Level 2  
  97  14:34  Baneling  
  93  14:42  Zergling x4  
  93  14:43  Zergling x18  
  97  14:55  Mutalisk x4  
  101  15:06  Baneling  
  101  15:07  Baneling x3  
  101  15:09  Zergling x2  
  101  15:10  Zergling x20  
  112  15:22  Extractor  
  112  15:24  Extractor  
  110  15:28  Zergling x2  
  110  15:29  Zergling x16  
  100  15:52  Zergling x2  
  100  15:53  Zergling x32  
  104  16:01  Overlord x3  
  104  16:02  Overseer  
  92  16:12  Mutalisk x4  
  96  16:21  Baneling x7  
  96  16:22  Baneling x12  
  96  16:23  Baneling  
  96  16:34  Zergling x2  
  96  16:35  Zergling x18  
  105  16:45  Zergling x2  
  105  16:46  Zergling x12  
Show
View Real Time Build Order
Export as new Build Order

DeadDenne Zerg 

Build Orders: Pool First 

Get SALT Encoding   

  12  0:01  Drone  
  13  0:08  Drone  
  14  0:18  Overlord  
  14  0:36  Drone x3  
  17  0:47  Spawning Pool  
  16  0:50  Drone  
  17  0:58  Extractor, Drone  
  17  1:39  Drone  
  20  1:40  Drone x2  
  20  1:42  Queen  
  22  1:58  Overlord  
  22  2:17  Queen  
  22  2:21  Zergling x4  
  26  2:29  Drone  
  27  2:32  Hatchery  
  26  2:40  Zergling x2  
  27  2:53  Queen  
  29  3:00  Zergling x2  
  30  3:15  Overlord  
  29  3:25  Zergling x4  
  30  3:29  Overlord  
  30  3:45  Zergling x8  
  31  3:56  Queen  
  32  4:07  Drone x4  
  32  4:08  Zergling x2  
  32  4:09  Zergling x2  
  38  4:16  Overlord  
  38  4:23  Zergling x2  
  39  4:34  Drone x3  
  39  4:35  Drone x2  
  44  4:46  Roach Warren  
  43  4:58  Drone x4  
  47  5:00  Drone  
  47  5:04  Lair  
  47  5:05  Metabolic Boost  
  48  5:08  Zergling x8  
  48  5:09  Roach Warren  
  51  5:36  Zergling x2  
  51  5:39  Overlord x2  
  51  5:40  Overlord  
  52  6:02  Roach x6  
  62  6:22  Roach x7  
  62  6:24  Overlord  
  62  6:25  Overlord  
  76  6:36  Overlord x2  
  76  6:51  Overseer  
  76  6:53  Roach x2  
  80  6:57  Ravager  
  80  6:58  Ravager  
  83  7:01  Drone x2  
  83  7:07  Extractor  
  76  7:45  Drone x5  
  76  7:49  Extractor  
  76  7:50  Extractor  
  74  7:54  Ravager x2  
  76  8:02  Zergling x2  
  76  8:03  Zergling x16  
  85  8:31  Drone x2  
  85  8:32  Drone x3  
  89  9:10  Hatchery  
  89  9:15  Overlord x3  
  88  9:24  Hatchery  
  78  9:43  Roach x5  
  78  9:44  Roach x4  
  69  9:59  Zergling x4  
  65  10:10  Roach x2  
  70  10:26  Roach x2  
  71  10:48  Drone x2  
  71  10:49  Drone x2  
  73  11:03  Roach x4  
  73  11:04  Roach x4  
  81  11:11  Roach x2  
  73  11:29  Roach x4  
  81  11:43  Hatchery  
  81  11:44  Glial Reconstitution  
  80  11:50  Evolution Chamber, Infestation Pit  
  80  11:52  Hatchery  
  85  11:54  Hatchery, Roach x6  
  85  11:55  Evolution Chamber  
  75  12:09  Roach x5  
  75  12:11  Ravager x2  
  75  12:12  Ravager x4  
  91  12:25  Roach x5  
  91  12:28  Queen x2  
  80  12:53  Roach  
  80  12:54  Roach x6  
  92  13:04  Queen x2  
  86  13:08  Roach x6  
  98  13:24  Overlord x3  
  98  13:37  Zergling x12  
  104  14:08  Zergling x2  
  104  14:09  Zergling x12  
  88  14:31  Drone x4  
  62  14:32  Drone  
  65  14:42  Drone x3  
  60  15:12  Roach x5  
  60  15:13  Roach x4  
  73  15:31  Roach x3  
  73  15:35  Drone x2  
  80  15:36  Drone  
  82  16:04  Overlord x2  
  82  16:09  Drone x3  
  82  16:10  Drone x7  
  90  16:13  Extractor  
  90  16:15  Extractor  
  88  16:19  Roach  
  90  16:27  Ravager  
  90  16:28  Ravager x2  
  89  16:32  Roach  
  89  16:33  Roach x4  
Tags
 
Add a new tag
Caveats
  • Supply blocks, unpowered buildings, or Contaminate may cause inaccurate times.
  • Supply counts are checked every 10 seconds.